Map: Dusk Towers

Players

Fropez

  • Race: Protoss Protoss
  • League: Silver
  • Spawn Location: 7:00

ohtopod - Winner!

  • Race: Terran Terran
  • League: Bronze
  • Spawn Location: 1:00

VOD

Have the link to the VOD?

Description

Time

  • Played on: June 15, 2016, 3:02 p.m.
  • Length: 9:19
Show
View Real Time Build Order
Export as new Build Order

Fropez Protoss 

Build Orders: Oracle Opening 

Get SALT Encoding   

  12  0:03  Probe (Chrono Boost)  
  13  0:13  Pylon  
  13  0:18  Probe (Chrono Boost)  
  15  0:28  Probe (Chrono Boost)  
  15  0:39  Probe (Chrono Boost)  
  16  0:49  Probe (Chrono Boost)  
  17  0:55  Gateway  
  17  0:57  Gateway  
  17  1:00  Assimilator  
  17  1:13  Probe (Chrono Boost)  
  18  1:19  Pylon  
  18  1:24  Probe (Chrono Boost)  
  19  1:28  Pylon  
  19  1:30  Assimilator  
  19  1:34  Probe (Chrono Boost)  
  20  1:50  Cybernetics Core  
  20  1:53  Probe (Chrono Boost)  
  21  2:00  Pylon  
  21  2:04  Probe (Chrono Boost)  
  22  2:14  Pylon, Probe (Chrono Boost)  
  23  2:22  Gateway  
  23  2:35  Stargate  
  23  2:46  Adept  
  23  2:47  Adept  
  27  2:53  Probe (Chrono Boost)  
  27  2:56  Warp Gate (Chrono Boost)  
  28  3:04  Probe  
  29  3:22  Probe  
  30  3:27  Oracle  
  33  3:35  Mothership Core  
  33  3:38  Adept x2  
  33  3:39  Adept  
  41  3:56  Probe  
  38  4:16  Phoenix  
  40  4:20  Adept  
  40  4:21  Adept  
  40  4:23  Adept  
  46  4:35  Probe  
  47  4:41  Phoenix  
  47  4:42  Gateway  
  47  4:45  Twilight Council  
  49  4:47  Probe  
  50  4:57  Pylon  
  50  5:06  Adept x2  
  54  5:19  Pylon, Probe  
  54  5:20  Pylon  
  55  5:22  Resonating Glaives  
  55  5:38  Adept  
  52  6:16  Pylon  
  52  6:21  Nexus  
  52  6:25  Assimilator  
  52  6:28  Pylon, Assimilator  
  52  6:31  Pylon  
  52  6:46  Adept x2  
  56  6:50  Probe  
  57  7:01  Pylon  
  57  7:02  Forge  
  57  7:25  Adept x2  
  49  7:50  Adept  
  49  7:51  Adept  
  47  8:10  Probe  
  47  8:11  Probe  
  49  8:22  Adept x2  
  53  8:32  Probe x2, Gateway  
  53  8:33  Gateway  
  55  8:43  Phoenix  
Show
View Real Time Build Order
Export as new Build Order

ohtopod Terran - Winner!

Build Orders:  

Get SALT Encoding   

  12  0:01  SCV  
  13  0:13  SCV  
  14  0:21  Supply Depot  
  14  0:25  SCV  
  16  0:42  SCV  
  16  0:44  Barracks  
  16  0:54  SCV  
  17  1:07  SCV  
  18  1:16  Command Center  
  18  1:19  SCV  
  19  1:32  Marine  
  20  1:33  Orbital Command  
  20  1:40  Supply Depot  
  20  1:51  Barracks  
  20  1:59  Engineering Bay  
  20  2:01  SCV  
  21  2:06  Marine  
  22  2:13  SCV  
  22  2:14  Supply Depot  
  23  2:25  Marine, SCV, Barracks  
  26  2:38  Orbital Command  
  26  2:40  SCV  
  26  2:43  Marine  
  27  2:44  Marine  
  28  2:52  SCV  
  29  3:01  Marine  
  29  3:03  Barracks  
  29  3:04  SCV  
  29  3:05  Barracks  
  31  3:10  Missile Turret  
  31  3:15  Marine  
  31  3:16  Missile Turret  
  31  3:19  SCV  
  33  3:25  Supply Depot  
  33  3:29  Marine  
  33  3:30  Marine  
  35  3:42  SCV  
  35  3:43  Marine, SCV  
  35  3:47  Marine  
  39  3:49  Marine  
  39  3:54  SCV  
  41  4:01  Marine  
  42  4:09  Marine x4  
  44  4:19  Marine  
  44  4:22  SCV x2  
  47  4:27  Marine x4  
  51  4:36  Marine  
  52  4:40  Supply Depot  
  52  4:44  Marine  
  52  4:45  Marine x2  
  55  4:51  Barracks  
  55  4:52  Marine  
  55  4:53  Barracks  
  55  4:54  Marine, Barracks  
  55  4:55  Barracks  
  55  4:57  SCV, Barracks  
  55  4:58  SCV  
  59  5:02  Marine x2  
  59  5:03  Marine, Supply Depot  
  62  5:09  SCV  
  62  5:10  SCV  
  64  5:21  SCV  
  64  5:22  SCV  
  64  5:26  Marine  
  64  5:27  Marine x4, Supply Depot  
  69  5:38  Marine  
  69  5:40  SCV x2  
  71  5:44  Marine x2  
  71  5:45  Marine x3  
  76  5:55  Marine  
  73  6:00  Marine  
  73  6:01  Marine x3  
  73  6:02  Marine x3, SCV x2  
  73  6:03  Marine x2  
  75  6:09  Command Center  
  74  6:13  Marine  
  74  6:14  SCV x2  
  77  6:22  Marine  
  77  6:23  Marine x5  
  77  6:24  Marine  
  84  6:31  Marine  
  84  6:32  Marine x2  
  86  6:59  Supply Depot  
  86  7:00  Supply Depot  
  86  7:02  Supply Depot  
  86  7:03  Supply Depot  
  86  7:04  Supply Depot x2  
  86  7:06  Supply Depot  
  86  7:07  Supply Depot  
  86  7:08  Supply Depot  
  86  7:11  Supply Depot  
  86  7:20  Marine x10, Barracks  
  96  7:23  Barracks  
  96  7:26  Barracks  
  96  7:27  Barracks  
  96  7:30  Barracks  
  84  7:38  Marine  
  84  7:41  Marine  
  84  7:42  Marine x8  
  83  7:56  Marine  
  80  7:59  Marine  
  80  8:00  Marine x8  
  81  8:13  Marine  
  81  8:17  Marine  
  81  8:18  Marine x8  
  91  8:22  SCV x2  
  93  8:31  Marine  
  94  8:34  SCV  
  94  8:39  Orbital Command  
  95  8:45  Marine x6  
  95  8:46  Marine x3  
  104  8:49  Marine  
Tags
 
Matchup
PvT
Replay Pack
All Mines
Spawn Locations
Cross Positions
Add a new tag
Caveats
  • Supply blocks, unpowered buildings, or Contaminate may cause inaccurate times.
  • Supply counts are checked every 10 seconds.